 Dungeon Sprint DCSS version 0.31-a0-408-gb642c7f9a3 (webtiles) character file.

Game seed: 9877389874051368408

0 shadowstone the Conjurer (level 1, -2/12 HPs)
             Began as a Gargoyle Reaver on July 29, 2023.
             Was an Initiate of Lugonu.
             Slain by a purple ugly thing (6 damage)
             ... in the Dungeon (Sprint V: "Ziggurat Sprint").
             The game lasted 00:05:50 (408 turns).

shadowstone the Conjurer (Gargoyle Reaver)           Turns: 408, Time: 00:05:51

Health: -2/12      AC: 27    Str: 21    XL:     1   Next: 0%
Magic:  3/3        EV:  0    Int: 13    God:    Lugonu [......]
Gold:   0          SH: 25    Dex: 14    Spells: 3/4 levels left

rFire   . . .        D - +16 obsidian axe {drain, demonic, Mesm Drain Fly SInv}
rCold   . . .        A - +18 shield of the Gong {Loud rN+ Will+ rCorr EV-5}
rNeg    + + .        z - +15 Maxwell's patent armour {-Cast -Tele rElec Will+ rCorr}
rPois   ∞            (no helmet)
rElec   +            (no cloak)
rCorr   +            (no gloves)
SInv    +            (no boots)
Will    ++...        (no amulet) Stlth
                     o - +6 ring of strength
HPRegen 0.22/turn    l - +6 ring of dexterity
MPRegen 0.08/turn

%: no teleportation, no spellcasting
@: flying, mesmerised
A: sickness immunity, AC +2, negative energy resistance 1, electricity
resistance, torment resistance 1, petrification resistance
a: Renounce Religion


You were in the Dungeon.
You worshipped Lugonu.
Lugonu was noncommittal.
You visited 1 branch

Inventory:

Hand Weapons
 D - the +16 obsidian axe (weapon) {drain, demonic, Mesm Drain Fly SInv}
   (You found it in the Dungeon)

   Mesm:      Its wielder is mesmerised by any visible foes, and it cannot be
   unequipped while any foes are visible.
   SInv:      It lets you see invisible.
   Fly:       It grants you flight.
   Drain:     It drains your maximum health when unequipped.
 G - a +5 lajatang
Armour
 a - a +0 leather armour
 z - the +15 Maxwell's patent armour (worn) {-Cast -Tele rElec Will+ rCorr}
   (You found it in the Dungeon)

   rElec:     It insulates you from electricity.
   -Cast:     It prevents spellcasting.
   -Tele:     It prevents most forms of teleportation.
   rCorr:     It protects you from acid and corrosion.
   Will:      It increases your willpower.
 A - the +18 shield of the Gong (worn) {Loud rN+ Will+ rCorr EV-5}
   (You found it in the Dungeon)

   Loud:      It is deafeningly noisy when blocking attacks.
   EV:        It affects your evasion (-5).
   rN:        It protects you from negative energy.
   rCorr:     It protects you from acid and corrosion.
   Will:      It increases your willpower.
 E - an orb of mayhem
 F - an orb of guile
Jewellery
 j - a ring of flight
 k - a +6 ring of dexterity
 l - a +6 ring of dexterity (right hand)
 m - a +6 ring of intelligence
 n - a +6 ring of intelligence
 o - a +6 ring of strength (left hand)
 p - a +6 ring of strength
Talismans
 B - a blade talisman
 C - a maw talisman
Wands
 h - a wand of mindburst (7)
 i - a wand of acid (7)
Scrolls
 g - 4 scrolls of blinking
 v - 4 scrolls of amnesia
 w - 7 scrolls of fog
 x - 5 scrolls of identify
 y - 2 scrolls of fear
Potions
 b - 10 potions of curing
 c - 10 potions of heal wounds
 d - 6 potions of haste
 e - 7 potions of magic
 f - 3 potions of berserk rage
 q - 2 potions of brilliance
 r - 2 potions of invisibility
 s - 4 potions of resistance
 t - a potion of experience
 u - 5 potions of might


   Skills:
 + Level 2.1 Fighting
 + Level 1.5 Dodging
 + Level 3.0 Unarmed Combat
 + Level 2.0 Spellcasting
 + Level 3.2 Conjurations


You had 3 spell levels left.
You knew the following spells:

 Your Spells              Type           Power      Damage    Failure   Level
a - Kiss of Death         Conj/Necr      20%        2d7       100%        1

Your spell library contained the following spells:

 Spells                   Type           Power      Damage    Failure   Level
 Momentum Strike          Conj/Tloc      10%        3d8       100%        2
 Hailstorm                Conj/Ice       5%         3d4       100%        3


Dungeon Overview and Level Annotations

Branches:
Dungeon (1/1)

Altars:
Ashenzari
Cheibriados
Dithmenos
Elyvilon
Fedhas
Gozag
Hepliaklqana
Kikubaaqudgha
Makhleb
Nemelex Xobeh
Okawaru
Qazlal
Ru
Sif Muna
Trog
Uskayaw
Vehumet
Wu Jian
Xom
Yredelemnul
Zin
The Shining One
Jiyva
Lugonu

Annotations:
D 1 transporter


Innate Abilities, Weirdness & Mutations

You are immune to sickness and miasma.
Your stone body is resilient. (AC +2)
You are immune to poison.
You resist negative energy. (rN+)
You are resistant to electric shocks. (rElec)
You are resistant to unholy torment.
You are immune to petrification.


Message History

You miss the golden eye.
Visions of slaying the golden eye flood into your mind.
You block the purple ugly thing's attack.
BOUMMMMG!
You block the purple ugly thing's attack.
SHROANNG!
You closely miss the purple ugly thing.
The purple ugly thing is lightly wounded.
Visions of slaying the purple ugly thing flood into your mind.
The golden eye blinks at you. You resist with almost no effort.
The golden eye blinks at you.
You are confused.
The purple ugly thing trunk-slaps you but does no damage.
The purple ugly thing attacks as you move away!
The purple ugly thing trunk-slaps you but does no damage.
Visions of slaying the golden eye flood into your mind.
Your confusion fades away as the thirst for blood takes over your mind.
You block the purple ugly thing's attack.
SHROANNG!
The golden eye blinks!
You hit the purple ugly thing.
The purple ugly thing is lightly wounded.
Visions of slaying the purple ugly thing flood into your mind.
The golden eye blinks at you. You resist with almost no effort.
The purple ugly thing trunk-slaps you but does no damage.
You block the purple ugly thing's attack.
BOUMMMMG!
You hit the purple ugly thing.
The purple ugly thing is lightly wounded.
You slash the golden eye! You drain the golden eye.
You kill the golden eye!
Lugonu accepts your kill.
The golden eye's shape twists and changes as it dies.
The purple ugly thing trunk-slaps you!
Ouch! That really hurt!
The purple ugly thing trunk-slaps you.
Ouch! That really hurt!
You die...

▓▓▓▓▓▓▓
▓.8©8.▓
▓.....▓
▓.[.|.▓
▓..u†.▓
▓..@..▓
▓..©..▓
▓▓▓▓▓▓▓


You could see a purple ugly thing (mesmerising).

Vanquished Creatures
  A golden eye (shapeshifter) (D)
1 creature vanquished.

Notes
Turn   | Place    | Note
-------+----------+-------------------------------------------
     0 | D        | shadowstone the Gargoyle Reaver began the quest for the
                  | Orb.
     0 | D        | Reached XP level 1. HP: 12/12 MP: 3/3
     0 | D        | Found a shimmering blue altar of Sif Muna.
     0 | D        | Found a bloodstained altar of Trog.
     0 | D        | Found a sacrificial altar of Ru.
     0 | D        | Found a stormy altar of Qazlal.
     0 | D        | Found an iron altar of Okawaru.
     4 | D        | Found a sparkling altar of Nemelex Xobeh.
     4 | D        | Found the +6 Majin-Bo {spellvamp, MP+6 Int+6}
     4 | D        | Found the +27 heavy crossbow "Sniper" {heavy, Acc+∞ SInv}
     4 | D        | Found the +10 dark maul {heavy}
     4 | D        | Found the +15 Maxwell's patent armour {-Cast -Tele rElec
                  | Will+ rCorr}
     4 | D        | Found the +18 shield of the Gong {Loud rN+ Will+ rCorr
                  | EV-5}
     4 | D        | Found the +16 obsidian axe {drain, demonic, Mesm Drain Fly
                  | SInv}
     4 | D        | Found the +7 great mace "Firestarter" {flame, immolate,
                  | rFlCloud rF++}
     4 | D        | Found the +6 shillelagh "Devastator" {shatter}
     4 | D        | Found the +11 plutonium sword {Contam Stlth-}
     4 | D        | Found the +8 lance "Wyrmbane" {slay drac, rPois rF+ rC+
                  | AC+3}
     4 | D        | Found the +9 sword of Zonguldrok {reap}
     4 | D        | Found the +13 scythe of Curses {drain, curses, Drain}
     4 | D        | Found the +9 sword of Power {lifebolt}
     4 | D        | Found the +7 mace of Variability {chaos, chaos arc}
     4 | D        | Found the +11 Singing Sword {sonic wave}
     4 | D        | Found the +8 storm bow {elec, penet}
     6 | D        | Found a corrupted altar of Lugonu.
     6 | D        | Found an ancient bone altar of Kikubaaqudgha.
     6 | D        | Found a burning altar of Makhleb.
     6 | D        | Found a transporter.
     6 | D        | Found a viscous altar of Jiyva.
     6 | D        | Found a hazy altar of Hepliaklqana.
    15 | D        | Found an opulent altar of Gozag.
    16 | D        | Found a blossoming altar of Fedhas.
   281 | D        | Became a worshipper of Lugonu the Unformed
   399 | D        | Entered arena 2.
   399 | D        | Noticed a purple ugly thing
   399 | D        | Noticed a golden eye
   399 | D        | Found a transporter.
   408 | D        | Killed a golden eye
   408 | D        | Slain by a purple ugly thing

Illustrated notes

Levels and vault maps discovered:
D:        sprint_v [room_start, room_1, room_2, room_3, room_4, room_5, room_6,
          room_7, room_8, room_9, room_10, room_11, room_12, room_13, room_14,
          room_15, room_16, room_17, room_18, room_19, room_20, room_21,
          room_22, room_23, room_24, room_25, room_26, room_27]

Action                     || total
---------------------------++-------
  Melee: Broad axe         ||     5
 Armour: Plate armour      ||     4
  Block: Kite shield       ||     7
         Form:             ||     1
         Blade             ||     1
         Maw               ||     1

Table legend: (Time is in decaauts)
 A = Elapsed time spent in this place.
 B = Non-inter-level travel time spent in this place.
 C = Inter-level travel time spent in this place.
 D = Time resting spent in this place.
 E = Time spent auto-exploring this place.
 F = Levels seen in this place.
 G = Mean time per level.
                   A        B        C        D        E       F      G
               +--------+--------+--------+--------+--------+-----+--------+
         Total |    408 |    408 |      0 |    146 |      5 |   1 |  408.0 |
       Dungeon |    408 |    408 |      0 |    146 |      5 |   1 |  408.0 |
               +--------+--------+--------+--------+--------+-----+--------+

Top non-repeatable levels by time:
       D: 408 daAuts
